 Dungeon Crawl Stone Soup version 0.30.1-9-gdf580d7c3d (webtiles) character file.

Game seed: 2889798007291265409

943 KittyFluff the Covered (level 8, -4/73 HPs)
             Began as a Gargoyle Berserker on Oct 18, 2023.
             Was a Priest of Trog.
             Slain by an iguana (5 damage)
             ... on level 5 of the Dungeon.
             The game lasted 00:13:47 (3617 turns).

KittyFluff the Covered (Gargoyle Berserker)         Turns: 3617, Time: 00:13:47

Health: -4/73      AC: 17    Str: 23    XL:     8   Next: 12%
Magic:  8/8        EV: 12    Int:  8    God:    Trog [***...]
Gold:   225        SH:  0    Dex:  9    Spells: 7/7 levels left

rFire   . . .        a - +0 mace
rCold   . . .        (no shield)
rNeg    + . .        s - +0 leather armour
rPois   ∞            u - +2 helmet
rElec   +            (no cloak)
rCorr   .            w - +0 pair of gloves
SInv    .            (no boots)
Will    .....        (no amulet) Stlth
                     l - +4 ring of protection
HPRegen 0.32/turn    (no ring)
MPRegen 0.11/turn

%: no passive effects
@: berserking, very quick
A: sickness immunity, AC +5, negative energy resistance 1, electricity
resistance, torment resistance 1, petrification resistance
a: Renounce Religion, Berserk, Trog's Hand


You were on level 5 of the Dungeon.
You worshipped Trog.
Trog was most pleased with you.
You visited 1 branch of the dungeon, and saw 5 of its levels.

You collected 225 gold pieces.

Inventory:

Hand Weapons
 a - a +0 mace (weapon)
 m - a +0 sling
Missiles
 d - 2 poisoned darts (quivered)
 k - 5 javelins
 n - 5 atropa-tipped darts
Armour
 s - a +0 leather armour (worn)
 u - a +2 helmet (worn)
 w - a +0 pair of gloves (worn)
Jewellery
 l - a +4 ring of protection (left hand)
 A - a ring of ice
Wands
 y - a wand of roots (4)
Scrolls
 c - 2 scrolls of teleportation {unknown}
 e - 2 scrolls of immolation {unknown}
 g - a scroll of poison {unknown}
 i - 3 scrolls of identify {unknown}
 p - a scroll of magic mapping {unknown}
 q - 2 scrolls of amnesia {unknown}
 v - a scroll of vulnerability {unknown}
 B - a scroll of fog {unknown}
 C - a scroll of enchant weapon {unknown}
Potions
 b - a potion of magic {unknown}
 f - 2 potions of brilliance {unknown}
 h - a potion of berserk rage {unknown}
 j - 3 potions of heal wounds {unknown}
 o - a potion of degeneration {unknown}
 r - a potion of haste {unknown}
 t - a potion of flight {unknown}
 x - a potion of mutation {unknown}
 z - a potion of curing {unknown}


   Skills:
 + Level 5.1 Fighting
 * Level 6.0 Maces & Flails
 * Level 6.1 Armour
 + Level 3.3 Dodging


You had 7 spell levels left.
You didn't know any spells.
Your spell library was empty.

Dungeon Overview and Level Annotations

Branches:
Dungeon (5/15)             Temple (0/1) D:4

Altars:
Ashenzari
Yredelemnul

Annotations:
D:5 3 runed translucent doors


Innate Abilities, Weirdness & Mutations

You are immune to sickness and miasma.
Your stone body is resilient. (AC +5)
You are immune to poison.
You resist negative energy. (rN+)
You are resistant to electric shocks. (rElec)
You are resistant to unholy torment.
You are immune to petrification.


Message History

Trog accepts your kill.
You hit the orc.
The orc is moderately wounded.
The orc hits you with a +0 hand axe.
You thump the orc!
You kill the orc!
Trog accepts your kill.
You hit the iguana but do no damage.
The iguana bites you but does no damage.
You hit the iguana.
The iguana is lightly wounded.
The iguana barely misses you.
You barely miss the iguana.
The iguana is lightly wounded.
The iguana barely misses you.
You closely miss the iguana.
The iguana is lightly wounded.
The iguana bites you but does no damage.
The iguana misses you.
You sock the iguana!
The iguana is heavily wounded.
The iguana misses you.
You hit the iguana.
The iguana is almost dead.
The iguana bites you.
* * * LOW HITPOINT WARNING * * *
You hit the iguana.
You kill the iguana!
Trog accepts your kill.
You barely miss the iguana. The iguana bites you!
* * * LOW HITPOINT WARNING * * *
You barely miss the iguana.
The iguana hisses menacingly.
The iguana bites you but does no damage.
Unknown command.
A red film seems to cover your vision as you go berserk!
You feel yourself moving faster!
You feel mighty! The iguana bites you.
* * * LOW HITPOINT WARNING * * *
You barely miss the iguana. The iguana bites you.
You die...

##### ###...####
#.'.).#..#
#.#...#..##### .
#.#####......######[...
#..###....##..@l)......
##.........########....
#########..### .
#........#
#.####........
########.# ######..#
......>#.# # ..
.......#.###....
.............#


You could see an iguana.

Vanquished Creatures
  The ghost of edwinsage the Geomancer, a novice FoEE of Gozag (D:4)
  A water moccasin (D:5)
  An ogre (D:5)
  A scorpion (D:5)
  An orc priest (D:5)
  A sleepcap (D:5)
  2 iguanas
  3 orc wizards (D:5)
  A hound zombie (D:4)
  A gnoll (D:1)
  6 adders
  A white imp (D:5)
  An adder zombie (D:4)
  2 worms (D:2)
  10 dart slugs (D:3)
  7 orcs
  8 ball pythons
  3 bats
  7 endoplasms
  A giant cockroach (D:2)
  8 goblins
  9 hobgoblins
  A jackal (D:1)
  8 kobolds
  6 quokkas
  3 frilled lizards
  3 rats
97 creatures vanquished.

Notes
Turn   | Place    | Note
-------+----------+-------------------------------------------
     0 | D:1      | KittyFluff the Gargoyle Berserker began the quest for the
                  | Orb.
     0 | D:1      | Reached XP level 1. HP: 14/14 MP: 1/1
    36 | D:1      | You fall into a shaft and drop 1 floor!
   183 | D:2      | Reached XP level 2. HP: 16/19 MP: 2/2
   834 | D:1      | Reached XP level 3. HP: 18/23 MP: 3/3
  1102 | D:2      | Reached ** piety under Trog
  1173 | D:2      | Reached XP level 4. HP: 29/29 MP: 4/4
  1715 | D:3      | Reached XP level 5. HP: 29/33 MP: 5/5
  2823 | D:4      | Found a broken altar of Ashenzari.
  2864 | D:4      | Found a runed translucent gate.
  2864 | D:4      | Found a runed translucent gate.
  2864 | D:4      | Found a runed translucent gate.
  2864 | D:4      | Noticed edwinsage's ghost (novice FoEE)
  2867 | D:4      | Found a basalt altar of Yredelemnul.
  2900 | D:4      | Killed edwinsage's ghost
  2901 | D:4      | Reached skill level 5 in Maces & Flails
  2901 | D:4      | Reached skill level 5 in Armour
  2901 | D:4      | Reached XP level 6. HP: 13/39 MP: 6/6
  2901 | D:4      | Reached XP level 7. HP: 15/44 MP: 7/7
  3111 | D:4      | Found a staircase to the Ecumenical Temple.
  3289 | D:5      | Entered Level 5 of the Dungeon
  3470 | D:5      | Found a runed translucent gate.
  3470 | D:5      | Found a runed translucent gate.
  3470 | D:5      | Found a runed translucent gate.
  3588 | D:5      | Reached skill level 5 in Fighting
  3588 | D:5      | Reached XP level 8. HP: 35/49 MP: 8/8
  3590 | D:5      | Reached *** piety under Trog
  3616 | D:5      | HP: 1/73 [iguana (5)]
  3617 | D:5      | Slain by an iguana

Illustrated notes

Levels and vault maps discovered:
D:1:      elethiomel_arrival_quiet, layout_loops_corners, st_stairs_2,
          minmay_misc_feat_tower
D:2:      layout_basic, kennysheep_generic_room_16
D:3:      kennysheep_slugbush, layout_loops_corners
D:4:      layout_rooms, general_overflow_altar,
          nicolae_yredelemnul_ghost_church, minmay_temple_entry_slanted
D:5:      layout_rooms, gammafunk_ghost_icy, eino_tiny_chamber,
          eino_tiny_chamber, uniq_edmund

Skill      XL: |  1  2  3  4  5  6  7  8 |
---------------+-------------------------+-----
Armour         | 3 5 6 |  6.1
Dodging        | 2 3 |  3.3
Maces & Flails | 4 5 6 |  6.0
Fighting       | 4 5 |  5.1

Action                     |  1- 3 |  4- 6 |  7- 9 || total
---------------------------+-------+-------+-------++-------
  Melee: Mace              |    98 |   181 |    94 ||   373
         Punch             |     3 |     2 |       ||     5
 Invoke: Berserk           |       |     1 |     1 ||     2
 Armour: Animal skin       |    30 |    38 |       ||    68
         Leather armour    |       |    54 |    36 ||    90
  Dodge: Dodged            |    74 |   109 |    38 ||   221
